 Dungeon Crawl Stone Soup version 0.25.0-9-g26727b657a (webtiles) character file.

Game seed: 15278647445454119895

107 Krehm the Ducker (level 4, -1/32 HPs)
             Began as a Merfolk Transmuter on June 18, 2020.
             Was an Initiate of Ashenzari.
             Killed from afar by an orc wizard (2 damage)
             ... with a magic dart
             ... on level 3 of the Dungeon.
             The game lasted 00:14:10 (3246 turns).

Krehm the Ducker (Merfolk Transmuter)               Turns: 3246, Time: 00:14:11

Health: -1/32      AC:  3    Str: 11    XL:     4   Next: 85%
Magic:  7/8        EV: 13    Int: 12    God:    Ashenzari [......]
Gold:   136        SH:  0    Dex: 14    Spells: 6/9 levels left

rFire    . . .     SeeInvis .   j - +0 dagger
rCold    . . .     Gourm    .   (no shield)
rNeg     . . .     Faith    .   h - +0 leather armour
rPois    .         Spirit   .   (no helmet)
rElec    .         Reflect  .   (no cloak)
rCorr    .         Harm     .   (no gloves)
MR       +....                  (no boots)
Stlth    +.........             (no amulet)
HPRegen  0.10/turn              (no ring)
MPRegen  0.11/turn              (no ring)

@: slowed, very slow
A: change form in water, swift swim, stealthy swim, magic resistance 1, wild
magic 1
a: Curse Item, Renounce Religion


You were on level 3 of the Dungeon.
You worshipped Ashenzari.
Ashenzari was noncommittal.
You were hungry.

You visited 1 branch of the dungeon, and saw 3 of its levels.

You collected 136 gold pieces.

Inventory:

Hand Weapons
 j - a +0 dagger (weapon)
Missiles
 a - 31 arrows
Armour
 h - a +0 leather armour (worn)
Scrolls
 c - 3 scrolls of remove curse
 i - a scroll of noise {unknown}
 k - a scroll of blinking {unknown}
 l - 2 scrolls of teleportation {unknown}
 m - a scroll of amnesia
 o - a scroll of immolation {unknown}
 p - a scroll of identify {unknown}
 q - a scroll of random uselessness {unknown}
Potions
 b - a potion of mutation
 e - 2 potions of ambrosia {unknown}
 g - a potion of cancellation {unknown}
 n - a potion of flight {unknown}
Comestibles
 d - 8 rations
 f - 4 chunks of flesh


   Skills:
 - Level 1.1 Fighting
 + Level 4.3 Dodging
 - Level 3.2 Unarmed Combat
 + Level 3.0 Spellcasting
 + Level 4.3 Transmutations


You had 6 spell levels left.
You knew the following spells:

 Your Spells              Type           Power        Failure   Level  Hunger
a - Beastly Appendage     Tmut           ###...       9%          1    #......
b - Sticks to Snakes      Tmut           ###.....     13%         2    ###....

Your spell library contained the following spells:

 Spells                   Type           Power        Failure   Level  Hunger
 Spider Form              Tmut/Pois      #.........   47%         3    ###....
 Ice Form                 Ice/Tmut       #.......     86%         4    #####..
 Blade Hands              Tmut           ###.......   88%         5    ######.


Dungeon Overview and Level Annotations

Branches:
Dungeon (3/15)

Altars:
Ashenzari

Annotations:
D:2 1 runed translucent door, exclusion: door, Crazy Yiuf


Innate Abilities, Weirdness & Mutations

You revert to your normal form in water.
You are very nimble and swift while swimming.
You are very stealthy in the water. (Stealth+)
You are resistant to hostile enchantments. (MR+)
Your spells are a little harder to cast, but a little more powerful.


Message History

The orc wizard hits you but does no damage.
Some of the chunks of flesh in your inventory have rotted away.
You hit the orc but do no damage.
The orc is heavily wounded.
The orc wizard hits you with a +0 dagger.
* * * LOW HITPOINT WARNING * * *
The orc misses you.
The orc wizard gestures at you while chanting.
You feel yourself slow down.
Okay, then.
It was a potion of mutation.
You feel extremely strange.
You feel less in control of your magic.
You feel resistant to hostile enchantments.
Your horns disappear.
The orc wizard hits you with a +0 dagger.
* * * LOW HITPOINT WARNING * * *
The orc barely misses you.
The orc wizard gestures at you while chanting.
The magic dart hits you.
You die...

^..#####.#
#.###############.#
#.######.# #.# #.#
##.##...#.## #.#
#.#
...........####.#
#.#
.#.........)....#
#..
....#.#.##.######
###
...............###
#
...รท......#....oS#
#
.#.#...#.###.#.#@#
# .#......##
##..#o###### #
.#####.#.#
#..........# # ..
...##.#.#.##.####.#
# ........
..##.##.# #
..########.##..#.#
# .. # ##.#.# #
.#.# # .#.# ##


You could see an orc wizard (fast), an orc and a friendly adder.

Vanquished Creatures
  2 adders
  3 oozes
  A worm (D:2)
  3 dart slugs (D:1)
  3 leopard geckos
  An orc (D:3)
  8 giant cockroaches
  9 hobgoblins
  3 quokkas
  A ball python (D:2)
  4 bats
  6 frilled lizards
  6 goblins
  7 kobolds
  10 rats
67 creatures vanquished.

Notes
Turn   | Place    | Note
-------+----------+-------------------------------------------
     0 | D:1      | Krehm the Merfolk Transmuter began the quest for the Orb.
     0 | D:1      | Reached XP level 1. HP: 15/15 MP: 3/3
    55 | D:1      | Reached XP level 2. HP: 12/21 MP: 3/5
   528 | D:1      | Found a shattered altar of Ashenzari.
   537 | D:1      | Became a worshipper of Ashenzari the Shackled
   774 | D:1      | Reached XP level 3. HP: 26/26 MP: 4/6
  1382 | D:1      | Learned a level 2 spell: Sticks to Snakes
  2018 | D:2      | Reached XP level 4. HP: 22/32 MP: 8/8
  2577 | D:2      | Found a runed translucent door.
  2578 | D:2      | Noticed Crazy Yiuf
  3246 | D:3      | Gained mutation: Your spells are a little harder to cast,
                  | but a little more powerful. [potion of mutation]
  3246 | D:3      | Gained mutation: You are resistant to hostile enchantments.
                  | (MR+) [potion of mutation]
  3246 | D:3      | HP: 1/32 [orc wizard/+0 dagger (3)]
  3246 | D:3      | Killed from afar by an orc wizard

Illustrated notes

Levels and vault maps discovered:
D:1:      dpeg_arrival_refuge, layout_basic, serial_bayou_pond_c,
          evilmike_ruin_ashenzari
D:2:      kb_forest_paths, layout_rooms, uniq_crazy_yiuf_cottage
D:3:      layout_loops_ring, lemuel_zombie_altar_yredelemnul

Skill      XL: |  1  2  3  4 |
---------------+-------------+-----
Dodging        | 3 4 |  4.3
Transmutations | 3 4 |  4.3
Spellcasting   | 3 |  3.0
Fighting       | |  1.1
Unarmed Combat | |  3.2

Action                   |  1- 3 |  4- 6 || total
-------------------------+-------+-------++-------
Melee: Unarmed           |    49 |       ||    49
       Headbutt          |    18 |    14 ||    32
       Punch             |     3 |     1 ||     4
       Dagger            |   106 |   111 ||   217
 Cast: Beastly Appendage |    21 |    16 ||    37
       Sticks to Snakes  |     1 |     3 ||     4
  Use: Scroll            |       |     1 ||     1
       Potion            |       |     1 ||     1
  Eat: Chunk             |     4 |     4 ||     8
Armor: Robe              |     5 |       ||     5
       Leather armour    |    28 |    21 ||    49
Dodge: Dodged            |   116 |    80 ||   196
